 Dungeon Crawl Stone Soup version 0.17.1-1-g73c8601 (webtiles) character file.

410 Exodious the Poker (level 6, -1/84 HPs)
             Began as a Minotaur Berserker on Dec 22, 2015.
             Was a Priest of Trog.
             Slain by an orc wizard
             ... wielding a +0 dagger
              (3 damage)
             ... on level 4 of the Dungeon.
             The game lasted 00:05:18 (2938 turns).

Exodious the Poker (Minotaur Berserker)             Turns: 2938, Time: 00:05:18

Health: -1/84      AC:  3    Str: 27    XL:     6   Next: 58%
Magic:  5/5        EV: 13    Int:  4    God:    Trog [***...]
Gold:   128        SH:  0    Dex: 11    Spells: 0 memorised, 5 levels left

rFire  . . .     SeeInvis .     a - +0 spear
rCold  . . .     Clarity  .     o - +0 leather armour
rNeg   . . .     SustAt   .     (no shield)
rPois  .         Gourm    .     (helmet restricted)
rElec  .         Spirit   .     (no cloak)
rCorr  .         Warding  .     (no gloves)
rMut   .         Stasis   .     (no boots)
MR     .....                    (no amulet)
Stlth  ..........               (no ring)
                                (no ring)

@: berserking (expiring), lethally poisoned (-1 -> -1), very quick, not
resistant to hostile enchantments, extremely unstealthy
A: retaliatory headbutt, horns 2
a: Berserk, Trog's Hand, Burn Spellbooks, Renounce Religion


You were on level 4 of the Dungeon.
You worshipped Trog.
Trog was most pleased with you.
You were not hungry.

You visited 1 branch of the dungeon, and saw 4 of its levels.

You collected 128 gold pieces.

Inventory:

Hand Weapons
 a - a +0 spear (weapon)
Armour
 b - a +0 animal skin
 o - a +0 leather armour (worn)
Scrolls
 d - a scroll of recharging {unknown}
 f - a scroll of enchant weapon {unknown}
 g - a scroll of noise {unknown}
 h - 2 scrolls of identify {unknown}
 j - a scroll of remove curse {unknown}
 k - a scroll of random uselessness {unknown}
 m - a scroll of blinking {unknown}
 n - a scroll of teleportation {unknown}
Potions
 e - a potion of mutation {unknown}
 i - a potion of heal wounds {unknown}
Comestibles
 c - 3 bread rations
 l - a meat ration


   Skills:
 + Level 5.1 Fighting
 * Level 6.4 Polearms
 + Level 4.3 Armour
 + Level 3.7 Dodging


You had 5 spell levels left.
You didn't know any spells.

Dungeon Overview and Level Annotations

Branches:
Dungeon (4/15)
 Temple: D:4-7

Altars:
Ashenzari
Okawaru
Zin


Innate Abilities, Weirdness & Mutations

You reflexively headbutt those who attack you in melee.
You have a pair of horns on your head.


Message History

You kill the orc!
Trog accepts your kill.
You feel sick.
The orc shouts!
You hear some strange, mumbled words.
A puff of frost appears from out of thin air!
The puff of frost hits you!
* * * LOW HITPOINT WARNING * * *
The orc hits you but does no damage.
Things that are here:
a flail; an orc corpse You closely miss something.
Your headbutt misses something. Something hits you but does no damage.
You puncture something!
You feel sick. Something hits you but does no damage. The orc misses you.
Items here: )) [[ †† You feel a strong urge to attack something.
You miss something. Your headbutt misses something. Something hits you.
* * * LOW HITPOINT WARNING * * *
You closely miss something.
You feel sick. Something hits you.
You die...

#......oo
#..ao....
#........
.o...... ##
..o... ..
#.o.
##.######.#
#....@)goo#
#..#####o<#
#. #..# #
#..# #.##
.## .# . #


You could see a gnoll and 3 orcs.

Vanquished Creatures
  Grinder (D:3)
  An orc priest (D:3)
  2 orc wizards (D:4)
  5 adders
  An ooze (D:2)
  4 worms
  2 giant geckos
  5 orcs
  5 bats
  4 giant cockroaches
  11 hobgoblins
  6 jackals
  3 kobolds
  A quokka (D:2)
  2 ball pythons
  A giant newt (D:3)
  9 goblins
  7 rats
70 creatures vanquished.

Notes
Turn   | Place    | Note
--------------------------------------------------------------
     0 | D:1      | Exodious the Minotaur Berserker began the quest for the Orb.
     0 | D:1      | Reached XP level 1. HP: 19/19 MP: 0/0
   342 | D:1      | Reached XP level 2. HP: 18/27 MP: 1/1
   588 | D:1      | Reached skill level 4 in Polearms
   854 | D:1      | Reached XP level 3. HP: 33/33 MP: 2/2
  1304 | D:2      | Reached ** piety under Trog
  1704 | D:3      | Found a faded altar to an unknown god.
  1769 | D:3      | Found an iron altar of Okawaru.
  1774 | D:3      | Found a shattered altar of Ashenzari.
  1774 | D:3      | Found a glowing silver altar of Zin.
  1787 | D:3      | Reached XP level 4. HP: 36/40 MP: 3/3
  1844 | D:3      | Noticed Grinder
  1851 | D:3      | Paralysed by Grinder for 2 turns
  1857 | D:3      | Killed Grinder
  1857 | D:3      | Reached skill level 5 in Polearms
  1857 | D:3      | Reached XP level 5. HP: 18/47 MP: 4/4
  1857 | D:3      | Reached XP level 6. HP: 21/55 MP: 5/5
  2114 | D:3      | Reached skill level 6 in Polearms
  2653 | D:3      | Reached *** piety under Trog
  2653 | D:3      | Reached skill level 5 in Fighting
  2934 | D:4      | HP: 4/84 [poisoned by an orc wizard]
  2938 | D:4      | Slain by an orc wizard

Action                   |  1- 3 |  4- 6 || total
-------------------------+-------+-------++-------
Melee: Spear             |   124 |   113 ||   237
Invok: Berserk           |       |     2 ||     2
 Stab: Sleeping          |     2 |     1 ||     3
  Eat: Chunk             |     2 |       ||     2
       Bread ration      |       |     2 ||     2
